 Dungeon Crawl Stone Soup version 0.31.0-9-g3a7656b989 (webtiles) character file.

Game seed: 17872719901083587137

31 qw the Shooter (level 3, 0/18 HPs)
             Began as a Spriggan Hunter on Feb 2, 2024.
             Succumbed to their own poison gas
             ... on level 1 of the Dungeon.
             The game lasted 00:00:02 (874 turns).

qw the Shooter (Spriggan Hunter)                     Turns: 874, Time: 00:00:03

Health: 0/18       AC:  2    Str:  7    XL:     3   Next: 7%
Magic:  4/4        EV: 19    Int: 10    God:
Gold:   45         SH:  0    Dex: 20    Spells: 2/2 levels left

rFire   . . .        a - +1 shortbow
rCold   . . .        (shield currently unavailable)
rNeg    . . .        c - +0 robe
rPois   .            (helmet restricted)
rElec   .            (no cloak)
rCorr   .            (gloves unavailable)
SInv    +            (boots unavailable)
Will    .....        (no amulet)
Stlth   ++           (no ring)
HPRegen 0.23/turn    (no ring)
MPRegen 0.09/turn

%: no passive effects
@: lethally poisoned (0 -> -2), very quick
A: very small, no large weapons, unfitting armour, see invisible, speed 3
a: no special abilities


You were on level 1 of the Dungeon.
You visited 1 branch of the dungeon, and saw 1 of its levels.

You collected 45 gold pieces.


Innate Abilities, Weirdness & Mutations

You are very small and have problems with some larger weapons.
You are too small for most types of armour.
You have supernaturally acute eyesight. (SInv)
You cover ground extremely quickly. (Speed+++)


   Skills:
 - Level 1.5 Fighting
 + Level 4.4 Ranged Weapons
 - Level 4.0 Dodging
 - Level 1.5 Stealth


You had 2 spell levels left.
You didn't know any spells.
Your spell library was empty.

Inventory:

Hand Weapons
 a - a +1 shortbow (weapon)
Armour
 c - a +0 robe (worn)
Potions
 i - a potion of haste
 j - a potion of mutation
 k - 2 potions of might

Dungeon Overview and Level Annotations

Branches:
Dungeon (1/15)

Altars:


Message History

861 ||| DROPPING scroll of butterflies.
You drop a scroll of butterflies.
Done exploring.
862 ||| DROPPING scroll of silence.
You drop a scroll of silence.
Done exploring.
863 ||| DROPPING scroll of poison.
You drop a scroll of poison.
Done exploring.
864 ||| DROPPING scroll of amnesia.
You drop a scroll of amnesia.
Done exploring.
What level of the Dungeon? (default 1, ? - help) Sorry, I don't know how to get there.
Enter note:
Enter note:
Enter note:
Enter note:
Enter note:
Enter note:
Enter note:
Enter note:
Enter note: You are engulfed in poison gas.
You are poisoned.
You feel very sick.
866 ||| Stepping ~*~*~tactically~*~*~ (cloud).
You feel sick.
Items here: ????.
There is a lethal amount of poison in your body!
You feel sick.
There is a lethal amount of poison in your body!
You feel very sick.
There is a lethal amount of poison in your body!
You feel sick.
There is a lethal amount of poison in your body!
You feel sick.
There is a lethal amount of poison in your body!
You feel sick.
There is a lethal amount of poison in your body!
You feel sick.
There is a lethal amount of poison in your body!
You feel sick.
There is a lethal amount of poison in your body!
You die...

###
#########.#
##
#0@.0.0...#
#.
##0######.#
#. #.# #.#
#. #0# #.#
#. #.# #.#
#. #.# #%#
#. #.#
#.########'
###
#.#........
#.#........


There were no monsters in sight!

Vanquished Creatures
  A dart slug (D:1)
  2 endoplasms (D:1)
  A giant cockroach (D:1)
  3 goblins (D:1)
  6 jackals (D:1)
  A quokka (D:1)
  2 ball pythons (D:1)
  4 bats (D:1)
  A frilled lizard (D:1)
  A kobold (D:1)
  3 rats (D:1)
25 creatures vanquished.

Notes
Turn   | Place    | Note
-------+----------+-------------------------------------------
     0 | D:1      | qw the Spriggan Hunter began the quest for the Orb.
     0 | D:1      | Reached XP level 1. HP: 10/10 MP: 2/2
     0 | D:1      | 0 ||| qw: Version: 0.3-a-155-g5e7d8dd
     0 | D:1      | 0 ||| qw: Game counter: 2362
     0 | D:1      | 0 ||| qw: Melee chars always use a shield: true
     0 | D:1      | 0 ||| qw: God list: Okawaru
     0 | D:1      | 0 ||| qw: Allow faded altars: false
     0 | D:1      | 0 ||| qw: Do Orc after clearing Dungeon:15 true
     0 | D:1      | 0 ||| qw: Do second Lair branch before Depths: true
     0 | D:1      | 0 ||| qw: Lair rune preference: random
     0 | D:1      | 0 ||| qw: Goals: Normal
     0 | D:1      | 0 ||| PLANNING D:1-11
   148 | D:1      | 148 ||| RETREEEEATING.
   153 | D:1      | Reached skill level 3 in Dodging
   173 | D:1      | Reached XP level 2. HP: 12/14 MP: 3/3
   184 | D:1      | HP: 2/14 [ball python (3)]
   445 | D:1      | Reached XP level 3. HP: 18/18 MP: 4/4
   754 | D:1      | 754 ||| READING 2 scrolls labelled TEOSOC PELE.
   855 | D:1      | 855 ||| READING 2 scrolls labelled FEH FUUVEATIE.
   856 | D:1      | 856 ||| READING 3 scrolls labelled GURIZ GOSHEXTO.
   856 | D:1      | 856 ||| IDENTIFYING smoky cyan potion
   857 | D:1      | 857 ||| READING 2 scrolls of identify.
   857 | D:1      | 857 ||| IDENTIFYING lumpy purple potion
   858 | D:1      | 858 ||| READING scroll of identify.
   858 | D:1      | 858 ||| IDENTIFYING 2 fizzy emerald potions
   859 | D:1      | 859 ||| READING scroll labelled XEYLLY HOCS.
   859 | D:1      | 859 ||| ENCHANTING +0 shortbow.
   860 | D:1      | 860 ||| READING 2 scrolls labelled HEONEIDWEH.
   861 | D:1      | 861 ||| DROPPING scroll of butterflies.
   862 | D:1      | 862 ||| DROPPING scroll of silence.
   863 | D:1      | 863 ||| DROPPING scroll of poison.
   864 | D:1      | 864 ||| DROPPING scroll of amnesia.
   866 | D:1      | 866 ||| Stepping ~*~*~tactically~*~*~ (cloud).
   870 | D:1      | HP: 3/18 [poisoned by you (poison gas)]
   873 | D:1      | HP: 1/18 [poisoned by you (poison gas)]
   874 | D:1      | Succumbed to their own poison gas

Levels and vault maps discovered:
D:1:      shiori_shiawase, layout_basic

Skill      XL: |  1  2 |
---------------+-------+-----
Dodging        | 3 4 |  4.0
Fighting       | |  1.5
Ranged Weapons | |  4.4
Stealth        | |  1.5

Action                     || total
---------------------------++-------
   Fire: Shortbow          ||    83
    Use: Scroll            ||     7
 Armour: Robe              ||    16
  Dodge: Dodged            ||    45

Table legend:
 A = Non-vault XP
 B = Vault XP
 C = Vault XP percentage of total XP
 D = Non-vault monster count
 E = Vault monster count
 F = Vault count percentage of total count
                 A         B        C        D         E       F
            +---------+---------+-------+---------+---------+-------
      Total |      45 |       0 |   0.0 |      25 |       0 |   0.0
            +---------+---------+-------+---------+---------+-------
        D:1 |      45 |       0 |   0.0 |      25 |       0 |   0.0
            +---------+---------+-------+---------+---------+-------
